 Dungeon Crawl Stone Soup version 0.22.3-3-g34f245f157 (webtiles) character file.

142 Morbidden the Chucker (level 5, -1/50 HPs)
             Began as a Troll Hunter on Aug 20, 2020.
             Slain by a gnoll
             ... wielding a +0 spear
              (10 damage)
             ... on level 4 of the Dungeon.
             The game lasted 00:03:48 (2259 turns).

Morbidden the Chucker (Troll Hunter)                Turns: 2259, Time: 00:03:49

Health: -1/50      AC:  5    Str: 21    XL:     5   Next: 3%
Magic:  4/4        EV: 10    Int:  7    God:
Gold:   95         SH:  0    Dex: 10    Spells: 4/4 levels left

rFire    . . .     SeeInvis .     - Unarmed
rCold    . . .     Gourm    +   (no shield)
rNeg     . . .     Faith    .   b - +0 robe
rPois    .         Spirit   .   p - +0 hat
rElec    .         Reflect  .   (no cloak)
rCorr    .         Harm     .   (gloves unavailable)
MR       .....                  (boots unavailable)
Stlth    +.........             (no amulet)
HPRegen  0.56/turn              (no ring)
MPRegen  0.09/turn              (no ring)

@: no status effects
A: large, unfitting armour, claws 3, fast metabolism 3, gourmand, regeneration
1, shaggy fur 1, tough skin 2
a: no special abilities


You were on level 4 of the Dungeon.
You were not hungry.

You visited 1 branch of the dungeon, and saw 4 of its levels.

You collected 95 gold pieces.

Inventory:

Missiles
 a - 41 stones (quivered)
 c - 5 large rocks
 d - 2 throwing nets
 o - 9 tomahawks
Armour
 b - a +0 robe (worn)
 p - a +0 hat (worn)
Scrolls
 g - a scroll of blinking {unknown}
 k - a scroll of magic mapping {unknown}
 m - 6 scrolls of identify {unknown}
 q - 2 scrolls of enchant weapon {unknown}
 r - 2 scrolls of remove curse {unknown}
 s - a scroll of fear {unknown}
Potions
 e - a potion of magic {unknown}
 h - a potion of might {unknown}
 i - a potion of cancellation {unknown}
 j - a potion of resistance {unknown}
 l - 2 potions of mutation {unknown}
 n - 4 potions of heal wounds {unknown}
 t - 2 potions of haste {unknown}
 u - a potion of curing {unknown}
Comestibles
 f - 5 rations


   Skills:
 * Level 2.3 Fighting
 * Level 4.7 Throwing
 + Level 1.9 Dodging
 + Level 0.6 Stealth
 * Level 2.1 Unarmed Combat


You had 4 spell levels left.
You didn't know any spells.
Your spell library was empty.

Dungeon Overview and Level Annotations

Branches:
Dungeon (4/15)
 Temple: D:4-7

Altars:
Ashenzari
Gozag
Qazlal
Zin
The Shining One


Innate Abilities, Weirdness & Mutations

You are too large for most types of armour.
You have claws for hands.
Your metabolism is lightning-fast.
You like to eat raw meat.
Your natural rate of healing is unusually fast.
You are covered in fur. (AC +1)
You have very tough skin. (AC +2)


Message History

You have reached level 5!
The gnoll hits you from afar with a spear!
You barely miss the gnoll. The gnoll hits you.
The gnoll hits you from afar with a spear.
You claw the gnoll!
The gnoll is severely wounded.
The gnoll hits you. The gnoll closely misses you.
You scratch the gnoll.
The gnoll is almost dead.
The gnoll hits you. The gnoll closely misses you.
You barely miss the gnoll.
The gnoll is almost dead.
The gnoll barely misses you.
The gnoll hits you from afar with a spear!
* * * LOW HITPOINT WARNING * * *
There is a stone staircase leading up here.
The gnoll hits you.
* * * LOW HITPOINT WARNING * * *
The gnoll hits you from afar with a spear!
You die...

#
###.#############
#....g.gg@.......
#.##.###.....###.#
#. ###.......# ..
###....#..# ###
#.........#
#.#.#.##.##
#.#.#... #
#.#.##### #.#..


You could see 3 gnolls.

Vanquished Creatures
  An orc wizard (D:3)
  2 adders
  2 gnolls
  4 worms
  3 leopard geckos
  5 orcs (D:3)
  4 bats
  6 giant cockroaches
  6 goblins
  6 hobgoblins
  3 jackals (D:3)
  4 kobolds
  3 frilled lizards
  A quokka skeleton (D:4)
  6 rats
56 creatures vanquished.

Notes
Turn   | Place    | Note
-------+----------+-------------------------------------------
     0 | D:1      | Morbidden the Troll Hunter began the quest for the Orb.
     0 | D:1      | Reached XP level 1. HP: 19/19 MP: 0/0
   286 | D:1      | Reached XP level 2. HP: 28/28 MP: 1/1
   311 | D:1      | Reached skill level 4 in Throwing
   896 | D:2      | Reached XP level 3. HP: 33/35 MP: 2/2
  1233 | D:2      | Reached skill level 1 in Unarmed Combat
  1590 | D:3      | Reached XP level 4. HP: 42/42 MP: 3/3
  1651 | D:3      | Found a stormy altar of Qazlal.
  1651 | D:3      | Found a glowing golden altar of the Shining One.
  1654 | D:3      | Found a glowing silver altar of Zin.
  1654 | D:3      | Found a shattered altar of Ashenzari.
  2142 | D:4      | Found an opulent altar of Gozag.
  2251 | D:4      | Reached XP level 5. HP: 30/50 MP: 4/4
  2259 | D:4      | Slain by a gnoll

Skill      XL: |  1  2  3  4 |
---------------+-------------+-----
Throwing       | 4 |  4.7
Fighting       | 2 |  2.3
Unarmed Combat | 1 2 |  2.1
Dodging        | |  1.9
Stealth        | |  0.6

Action                   |  1- 3 |  4- 6 || total
-------------------------+-------+-------++-------
Melee: Unarmed           |   111 |    65 ||   176
Throw: Stone             |    92 |    27 ||   119
  Eat: Chunk             |    14 |     4 ||    18
Armor: Robe              |    49 |    16 ||    65
Dodge: Dodged            |    56 |    37 ||    93
